 Dungeon Crawl Stone Soup version 0.21.1-1-g345015f (webtiles) character file.

99547 Mgcat the Fighter (level 15, -4/139 HPs)
             Began as a Minotaur Berserker on Feb 9, 2018.
             Was a High Priest of Trog.
             Slain by a 15-headed hydra (6 damage)
             ... on level 12 of the Dungeon.
             The game lasted 00:55:24 (18521 turns).

Mgcat the Fighter (Minotaur Berserker)             Turns: 18521, Time: 00:55:25

Health: -4/139     AC: 17    Str: 22    XL:     15   Next: 78%
Magic:  14/14      EV: 18    Int:  7    God:    Trog [*****.]
Gold:   1644       SH: 15    Dex: 13    Spells: 14/14 levels left

rFire    + . .     SeeInvis +   S - +9 war axe "Pamanno" {freeze, SInv}
rCold    + . .     Gourm    .   v - +2 shield
rNeg     . . .     Faith    .   V - +4 leather armour of Grottiness {MR+}
rPois    .         Spirit   .   y - +2 hat
rElec    .         Reflect  .   K - +2 cloak {rF+}
rCorr    .         Harm     .   D - +2 pair of gloves
MR       +++..                  (no boots)
Stlth    +.........             (no amulet)
HPRegen  0.33/turn              p - ring of protection from cold {rC+, !d}
MPRegen  0.14/turn              w - ring of protection from magic {MR+, !d}

@: berserk cooldown, slowed, very slow
A: retaliatory headbutt, horns 2
a: Berserk, Trog's Hand, Brothers in Arms, Burn Spellbooks, Renounce Religion


You were on level 12 of the Dungeon.
You worshipped Trog.
Trog was extremely pleased with you.
You were hungry.

You visited 3 branches of the dungeon, and saw 21 of its levels.
You also visited: Bailey and Volcano.

You collected 1842 gold pieces.
You spent 198 gold pieces at shops.

Inventory:

Hand Weapons
 t - the +6 mace "Banginim" {flame, rN+ Int-2 Dex+6 SInv}
   (You found it on level 6 of the Lair of Beasts)

   It has been specially enchanted to burn those struck by it, causing extra
   injury to most foes and up to half again as much damage against particularly
   susceptible opponents.
   It affects your intelligence (-2).
   It affects your dexterity (+6).
   It protects you from negative energy.
   It lets you see invisible.
 H - the +8 hand crossbow of a ziggurat {flame, Stlth+}
   (You found it on level 2 of the Lair of Beasts)

   It causes projectiles fired from it to burn those they strike, causing extra
   injury to most foes and up to half again as much damage against particularly
   susceptible opponents.
   It makes you more stealthy.
 S - the +9 war axe "Pamanno" (weapon) {freeze, SInv}
   (Trog gifted it to you on level 3 of the Lair of Beasts)

   It has been specially enchanted to freeze those struck by it, causing extra
   injury to most foes and up to half again as much damage against particularly
   susceptible opponents.
   It can also slow down cold-blooded creatures.
   It lets you see invisible.
Missiles
 a - 6 silver tomahawks
 b - 65 tomahawks of returning (quivered)
 E - 3 poisoned tomahawks
 N - 12 curare-tipped needles
 R - a throwing net {=f, !d}
 T - 25 tomahawks
 U - 165 bolts
Armour
 v - a +2 shield (worn)
   (You found it on level 6 of the Dungeon)
 y - a +2 hat (worn)
   (You found it on level 7 of the Dungeon)
 D - a +2 pair of gloves (worn)
   (You found it in a volcano)
 K - a +2 cloak of fire resistance (worn)
   (You found it in a volcano)
 V - the +4 leather armour of Grottiness (worn) {MR+}
   (You found it on level 3 of the Lair of Beasts)

   It affects your resistance to hostile enchantments.
Jewellery
 p - a ring of protection from cold (left hand) {rC+, !d}
   (You found it on level 2 of the Dungeon)
 w - a ring of protection from magic (right hand) {MR+, !d}
   (You found it on level 3 of the Dungeon)
 J - an uncursed ring of fire {rF+, rC-}
   (You found it on level 6 of the Dungeon)
Scrolls
 e - a scroll of identify
 f - 2 scrolls of enchant weapon
 g - 11 scrolls of teleportation
 m - a scroll of holy word {!r}
 r - 6 scrolls of immolation {!r}
 s - 6 scrolls of remove curse
 u - a scroll of magic mapping {!r}
 G - a scroll of fear
 W - a scroll of fog
Potions
 h - 5 potions of invisibility
 i - 2 potions of cancellation
 j - 8 potions of curing
 k - 6 potions of agility
 l - 3 potions of magic
 n - 3 potions of resistance
 o - 11 potions of mutation {!q}
 q - 5 potions of might
 A - a potion of lignification {!q}
 C - 2 potions of brilliance
 I - 2 potions of berserk rage {!q}
 O - 5 potions of ambrosia
 Z - 3 potions of flight
Miscellaneous
 d - a fan of gales
   (You found it on level 3 of the Lair of Beasts)
Comestibles
 c - 56 rations
 x - 8 chunks of flesh {@w0}


   Skills:
 + Level 14.5 Fighting
 + Level 14.5 Axes
 + Level 9.2 Crossbows
 - Level 8.5 Throwing
 + Level 12.2 Armour
 + Level 11.4 Dodging
 + Level 11.8 Shields


You had 14 spell levels left.
You didn't know any spells.

Dungeon Overview and Level Annotations

Branches:
Dungeon (13/15)            Temple (0/1) D:5            Lair (6/6) D:9
 Shoals (0/4) Lair:2       Spider (0/4) Lair:3        Slime (0/5) Lair:5
    Orc (2/2) D:9             Elf (0/3) Orc:2
 Vaults: D:13-14

Altars:
Ashenzari
Cheibriados
Fedhas
Kikubaaqudgha
Makhleb
Trog
Xom
Yredelemnul

Shops:
Orc:1 :(*!*   Orc:2 *}%([

Portals:
Pandemonium: Orc:2


Innate Abilities, Weirdness & Mutations

You reflexively headbutt those who attack you in melee.
You have a pair of horns on your head.


Message History

You feel very sick. You block the yaktaur's attack.
The polar bear goes berserk!
You hit the yaktaur. You freeze the yaktaur.
The yaktaur is moderately wounded.
You slash the orc knight! You freeze the orc knight.
You kill the orc knight!
Trog accepts your kill.
You feel very sick. The yaktaur barely misses you.
The polar bear rages.
You slice the yaktaur like a ripe choko!!!
You freeze the yaktaur.
You kill the yaktaur!
Trog accepts your kill.
You slice one of the ten-headed hydra's heads off!
The nine-headed hydra grows two more!
You slash the 11-headed hydra! You freeze the 11-headed hydra.
You feel very sick.
The 11-headed hydra bites you but does no damage.
You block the 11-headed hydra's attack. The 11-headed hydra barely misses you.
You block the 11-headed hydra's attack. The 11-headed hydra bites you!
* * * LOW HITPOINT WARNING * * *
The 11-headed hydra closely misses you. The 11-headed hydra bites you.
* * * LOW HITPOINT WARNING * * *
You block the 11-headed hydra's attack. The 11-headed hydra bites you.
* * * LOW HITPOINT WARNING * * *
The 11-headed hydra bites you but does no damage.
The 11-headed hydra closely misses you.
You are too berserk!
You slash the brown ugly thing! You freeze the brown ugly thing.
The brown ugly thing is severely wounded.
You slice one of the 11-headed hydra's heads off!
The ten-headed hydra grows two more!
You slice the 12-headed hydra!! You freeze the 12-headed hydra!
* * * LOW HITPOINT WARNING * * *
You feel sick.
The brown ugly thing engulfs you but does no damage.
You slash the brown ugly thing! You freeze the brown ugly thing.
Your headbutt misses the brown ugly thing.
The brown ugly thing is almost dead.
You slice one of the 12-headed hydra's heads off!
The 11-headed hydra grows two more!
You slash the 13-headed hydra!
The 13-headed hydra seems to slow down.
You freeze the 13-headed hydra.
* * * LOW HITPOINT WARNING * * *
You feel sick.
You slice the brown ugly thing!! You freeze the brown ugly thing.
You kill the brown ugly thing!
Trog accepts your kill.
You hack one of the 13-headed hydra's heads off!
The 12-headed hydra grows two more!
You slice the 14-headed hydra!!
The 14-headed hydra seems to slow down.
You freeze the 14-headed hydra!
* * * LOW HITPOINT WARNING * * *
You feel very sick. The 14-headed hydra misses you.
You block the 14-headed hydra's attack.
The 14-headed hydra bites you but does no damage.
The 14-headed hydra barely misses you.
You block the 14-headed hydra's attack. x2
The 14-headed hydra barely misses you. The 14-headed hydra closely misses you.
You block the 14-headed hydra's attack.
The 14-headed hydra bites you but does no damage.
The 14-headed hydra bites you!
* * * LOW HITPOINT WARNING * * *
The 14-headed hydra barely misses you. The 14-headed hydra misses you.
The 14-headed hydra barely misses you.
* * * LOW HITPOINT WARNING * * *
You feel very sick.
Things that are here:
an arbalest; 14 bolts You feel a strong urge to attack something.
You are no longer berserk.
You are exhausted.
You feel yourself slow down.
* * * LOW HITPOINT WARNING * * *
You feel sick.
* * * LOW HITPOINT WARNING * * *
You feel very sick.
* * * LOW HITPOINT WARNING * * *
You feel very sick.
The 14-headed hydra is no longer moving slowly.
The polar bear rages.
You feel better.
The polar bear rages.
You lop one of the 14-headed hydra's heads off!
The 13-headed hydra grows two more!
You slash the 15-headed hydra! You freeze the 15-headed hydra.
The 15-headed hydra is severely wounded.
You block the 15-headed hydra's attack. x3; The 15-headed hydra bites you.
* * * LOW HITPOINT WARNING * * *
The 15-headed hydra barely misses you.
The 15-headed hydra bites you but does no damage.
The 15-headed hydra bites you!
* * * LOW HITPOINT WARNING * * *
The 15-headed hydra bites you but does no damage.
The 15-headed hydra bites you.
* * * LOW HITPOINT WARNING * * *
The 15-headed hydra bites you but does no damage. x2
You block the 15-headed hydra's attack.
The 15-headed hydra closely misses you. x2
The 15-headed hydra barely misses you. The 15-headed hydra closely misses you.
You block the 15-headed hydra's attack. The 15-headed hydra barely misses you.
The 15-headed hydra bites you.
You die...

###'## #.......# #.#
#.......# #.# ######'## #.#
#.# # #####'### ####.# #
#####.......# #....# ###
####(..'.......# ##.#### #<.
.....###.......########....#
#.# ######
#....>..+@Dhu)>)....####[#
#.......########.........#
#.......# #....######
#.......# ###### # #########
#


You could see a 15-headed hydra, a green ugly thing and a polar bear shaped
shifter (berserk).

Vanquished Creatures
  A merfolk avatar (Lair:6)
  4 hydras
  A two-headed ogre (D:10)
  The ghost of Quirk the Blocker, a novice GnFi of Ashenzari (D:8)
  6 orc high priests (Orc:2)
  Urug (Lair:3)
  Sonja (D:12)
  A salamander mystic (Volcano)
  A sun demon (Orc:2)
  A hell knight (Volcano)
  The ghost of othur the Nimble, a novice MiFi of Yredelemnul (D:9)
  A gelid demonspawn (Orc:2)
  A sea snake (Lair:6)
  An infernal demonspawn (Orc:2)
  A torturous demonspawn (Orc:2)
  6 orc knights
  A harpy (Lair:6)
  Pikel (D:4)
  An orb spider (Lair:3)
  A cyclops (D:12)
  An ugly thing (D:12)
  7 orc sorcerers
  5 salamanders (Volcano)
  2 manticores
  3 elephants (Lair:6)
  Maurice (D:10)
  2 black mambas
  A smoke demon (Orc:2)
  2 centaur skeletons
  15 spiny frogs
  2 ice devils (Orc:2)
  A yaktaur (D:12)
  A kobold demonologist (D:11)
  8 rime drakes
  13 komodo dragons
  10 polar bears
  A wind drake (Lair:6)
  A queen bee (D:12)
  3 meliai (D:12)
  3 trolls
  4 hornets
  10 hippogriffs
  6 blink frogs (Lair:2)
  11 slime creatures
  A ynoxinul (Orc:2)
  A wraith (D:12)
  5 wyverns
  19 yaks
  6 fire bats (Volcano)
  2 hungry ghosts
  3 basilisks
  7 vampire mosquitoes
  3 wargs
  Menkaure (D:5)
  14 water moccasins
  10 porcupines
  6 ice beasts
  A sky beast (D:8)
  3 black bears
  A slave (D:4)
  11 ogres
  28 orc warriors
  2 phantoms
  An eye of draining (D:10)
  13 wolves
  2 centaurs
  11 crocodiles
  3 big kobolds
  15 bullfrogs
  6 scorpions
  24 killer bees
  A howler monkey (D:11)
  8 wights
  2 electric eels
  5 crimson imps
  7 lava snakes (Volcano)
  A bullfrog zombie (D:12)
  A quasit (D:11)
  A centaur zombie (D:5)
  2 hounds
  23 orc priests
  8 jellies
  A gnoll shaman (D:7)
  3 iguanas
  17 orc wizards
  6 worker ants
  2 hell rats (Lair:1)
  A hound skeleton (D:5)
  A worker ant zombie (D:5)
  Robin (D:4)
  13 adders
  31 gnolls
  8 river rats (Lair:1)
  2 shadow imps
  3 oozes
  An adder zombie (D:5)
  A worm (D:3)
  4 dart slugs
  4 leopard geckos
  93 orcs
  2 ball pythons (D:3)
  4 giant cockroaches
  16 goblins
  18 hobgoblins
  7 jackals
  3 quokkas
  5 bats
  5 frilled lizards
  26 kobolds
  A quokka zombie (D:6)
  7 rats
  A bush (Lair:6)
  3 butterflies (Lair:6)
  A fungus (D:9)
  6 plants (Lair:6)
701 creatures vanquished.

Vanquished Creatures (collateral kills)
  A hippogriff (Lair:1)
1 creature vanquished.

Vanquished Creatures (others)
  A slave (D:4)
  A howler monkey (D:4)
  A hound skeleton (D:4)
  2 leopard geckos
  An orc (D:4)
  10 fungi
  16 plants
32 creatures vanquished.

Grand Total: 734 creatures vanquished

Notes
Turn   | Place    | Note
-------+----------+-------------------------------------------
     0 | D:1      | Mgcat the Minotaur Berserker began the quest for the Orb.
     0 | D:1      | Reached XP level 1. HP: 19/19 MP: 0/0
   105 | D:1      | Reached skill level 4 in Fighting
   105 | D:1      | Reached skill level 4 in Axes
   121 | D:1      | Reached XP level 2. HP: 23/27 MP: 1/1
   558 | D:2      | Reached XP level 3. HP: 34/34 MP: 2/2
   594 | D:2      | Reached ** piety under Trog
   958 | D:2      | Reached skill level 5 in Axes
   958 | D:2      | Reached XP level 4. HP: 36/41 MP: 3/3
   959 | D:2      | Reached skill level 5 in Fighting
  1414 | D:3      | Found a blossoming altar of Fedhas.
  1887 | D:4      | Noticed an ogre
  1889 | D:4      | Noticed a slave
  1892 | D:4      | Noticed Pikel
  1892 | D:4      | Noticed a slave
  1895 | D:4      | Killed an ogre
  1895 | D:4      | Reached skill level 6 in Fighting
  1895 | D:4      | Reached skill level 6 in Axes
  1895 | D:4      | Reached XP level 5. HP: 50/50 MP: 4/4
  1897 | D:4      | Noticed a slave
  1900 | D:4      | Noticed a slave
  1900 | D:4      | Killed a slave
  1906 | D:4      | Killed Pikel
  1906 | D:4      | Reached skill level 7 in Fighting
  1906 | D:4      | Reached skill level 7 in Axes
  1906 | D:4      | Reached XP level 6. HP: 61/61 MP: 5/5
  1906 | D:4      | Reached XP level 7. HP: 67/67 MP: 6/6
  2057 | D:4      | Noticed Robin
  2062 | D:4      | Reached skill level 8 in Fighting
  2062 | D:4      | Reached skill level 8 in Axes
  2066 | D:4      | Killed Robin
  2066 | D:4      | Reached *** piety under Trog
  2416 | D:5      | Entered Level 5 of the Dungeon
  2594 | D:5      | Found a staircase to the Ecumenical Temple.
  2892 | D:5      | Reached XP level 8. HP: 70/75 MP: 7/7
  2912 | D:5      | Got a slimy leather armour
  2923 | D:5      | Identified the +2 leather armour "Par Fimi" {Regen+} (You found it on level 5 of the Dungeon)
  3043 | D:5      | Noticed Menkaure
  3048 | D:5      | Killed Menkaure
  3048 | D:5      | Reached skill level 9 in Fighting
  3048 | D:5      | Reached skill level 9 in Axes
  3262 | D:6      | Found a bloodstained altar of Trog.
  3424 | D:6      | Found a snail-covered altar of Cheibriados.
  3498 | D:6      | Reached skill level 1 in Throwing
  3498 | D:6      | Reached skill level 3 in Armour
  3541 | D:6      | Reached **** piety under Trog
  3786 | D:7      | Reached skill level 3 in Dodging
  3803 | D:7      | Reached skill level 1 in Shields
  3956 | D:7      | Found a snail-covered altar of Cheibriados.
  3956 | D:7      | Found an ancient bone altar of Kikubaaqudgha.
  4069 | D:8      | Noticed Quirk's ghost (novice GnFi)
  4074 | D:8      | Reached skill level 2 in Throwing
  4081 | D:8      | Killed Quirk's ghost
  4081 | D:8      | Reached skill level 4 in Armour
  4081 | D:8      | Reached skill level 4 in Dodging
  4081 | D:8      | Reached skill level 2 in Shields
  4081 | D:8      | Reached XP level 9. HP: 85/85 MP: 8/8
  4090 | D:8      | Found a flagged portal.
  4100 | D:8      | Reached skill level 10 in Fighting
  4100 | D:8      | Reached skill level 10 in Axes
  4100 | D:8      | Reached skill level 3 in Shields
  4114 | D:8      | Reached skill level 3 in Throwing
  4181 | Bailey   | Entered a bailey
  4326 | Bailey   | Noticed an orc knight
  4436 | Bailey   | Killed an orc knight
  4436 | Bailey   | Reached skill level 5 in Armour
  4436 | Bailey   | Reached skill level 4 in Shields
  4446 | Bailey   | Reached skill level 5 in Dodging
  4748 | D:8      | Reached ***** piety under Trog
  4748 | D:8      | Reached skill level 4 in Throwing
  4934 | D:9      | Reached XP level 10. HP: 94/94 MP: 9/9
  5068 | D:9      | Found a staircase to the Lair.
  5083 | D:9      | Found a shimmering altar of Xom.
  5134 | D:9      | Found a shattered altar of Ashenzari.
  5377 | D:9      | Noticed othur's ghost (novice MiFi)
  5388 | D:9      | Killed othur's ghost
  5388 | D:9      | Reached skill level 6 in Armour
  5388 | D:9      | Reached skill level 5 in Shields
  5560 | D:9      | Found a basalt altar of Yredelemnul.
  5568 | D:9      | Found a staircase to the Orcish Mines.
  5648 | D:9      | Reached skill level 6 in Dodging
  5689 | D:10     | Entered Level 10 of the Dungeon
  5806 | D:10     | Reached skill level 5 in Throwing
  5829 | D:10     | Reached skill level 11 in Axes
  5840 | D:10     | Reached skill level 11 in Fighting
  5843 | D:10     | Noticed Maurice
  5865 | D:10     | Killed Maurice
  5955 | D:10     | Received a gift from Trog
  6012 | D:10     | Reached skill level 6 in Shields
  6243 | D:10     | Noticed a two-headed ogre
  6251 | D:10     | Killed a two-headed ogre
  6251 | D:10     | Reached skill level 7 in Armour
  6251 | D:10     | Reached XP level 11. HP: 71/102 MP: 10/10
  6553 | D:11     | Received a gift from Trog
  6651 | D:11     | Noticed a five-headed hydra
  6662 | D:11     | Killed a two-headed hydra
  6662 | D:11     | Reached skill level 7 in Dodging
  6846 | D:11     | Reached skill level 6 in Throwing
  6925 | D:11     | Received a gift from Trog
  7139 | D:11     | Found a burning altar of Makhleb.
  7139 | D:11     | Noticed a cacodemon
  7249 | Lair:1   | Entered Level 1 of the Lair of Beasts
  7323 | Lair:1   | Reached skill level 7 in Shields
  7498 | Lair:1   | Reached skill level 8 in Armour
  8273 | Lair:2   | Reached skill level 12 in Axes
  8280 | Lair:2   | Reached skill level 12 in Fighting
  8514 | Lair:2   | Got a smoking hand crossbow
  8515 | Lair:2   | Identified the +8 hand crossbow of a ziggurat {flame, Stlth+} (You found it on level 2 of the Lair of Beasts)
  8541 | Lair:2   | Reached skill level 8 in Dodging
  8565 | Lair:2   | Reached XP level 12. HP: 101/112 MP: 11/11
  8617 | Lair:2   | Reached skill level 7 in Throwing
  8623 | Lair:2   | Reached skill level 8 in Shields
  8922 | Lair:2   | Found a staircase to the Shoals.
  9026 | Lair:2   | Reached skill level 9 in Armour
  9353 | Lair:3   | Received a gift from Trog
  9354 | Lair:3   | Got a slimy war axe {god gift}
  9356 | Lair:3   | Identified the +9 war axe "Pamanno" {freeze, SInv} (Trog gifted it to you on level 3 of the Lair of Beasts)
  9391 | Lair:3   | Noticed Urug
  9404 | Lair:3   | Killed Urug
  9522 | Lair:3   | Found a dark tunnel.
  9547 | Lair:3   | Got a pitted leather armour
  9558 | Lair:3   | Identified the +4 leather armour of Grottiness {MR+} (You found it on level 3 of the Lair of Beasts)
  9634 | Volcano  | Entered a volcano
  9855 | Volcano  | Reached skill level 9 in Dodging
  9855 | Volcano  | Reached skill level 9 in Shields
  9961 | Volcano  | Reached skill level 8 in Throwing
 10060 | Volcano  | Found a bloodstained altar of Trog.
 10083 | Volcano  | Found a burning altar of Makhleb.
 10235 | Lair:3   | Found a hole to the Spider Nest.
 10253 | Lair:3   | Reached skill level 10 in Armour
 10407 | Lair:3   | Reached skill level 13 in Fighting
 10494 | Lair:3   | Reached skill level 13 in Axes
 11076 | Lair:4   | Reached XP level 13. HP: 122/122 MP: 12/12
 12244 | Lair:5   | Received a gift from Trog
 12773 | Lair:5   | Found a staircase to the Slime Pits.
 12817 | Lair:5   | Reached skill level 1 in Crossbows
 13087 | Lair:6   | Entered Level 6 of the Lair of Beasts
 13115 | Lair:6   | Reached skill level 10 in Shields
 13466 | Lair:6   | Reached skill level 10 in Dodging
 13471 | Lair:6   | Reached skill level 2 in Crossbows
 13852 | Lair:6   | Paralysed by a hornet for 1 turns
 13861 | Lair:6   | HP: 29/122 [hornet (10)]
 13866 | Lair:5   | HP: 25/122 [poisoned by a hornet]
 13873 | Lair:5   | HP: 25/122 [poisoned by a hornet]
 13880 | Lair:5   | HP: 25/122 [poisoned by a hornet]
 13888 | Lair:5   | HP: 25/122 [poisoned by a hornet]
 14184 | Lair:6   | Reached skill level 11 in Armour
 14212 | Lair:6   | Reached skill level 3 in Crossbows
 14237 | Lair:6   | HP: 29/122 [drowned by a drowned soul[a merfolk avatar] (11)]
 14243 | Lair:6   | HP: 21/122 [drowned by a drowned soul[a merfolk avatar] (13)]
 14248 | Lair:6   | HP: 30/122 [drowned by a drowned soul[a merfolk avatar] (11)]
 14253 | Lair:6   | HP: 21/122 [drowned by a drowned soul[a merfolk avatar] (10)]
 14264 | Lair:6   | Got a steaming mace
 14636 | Lair:6   | Identified the +6 mace "Banginim" {flame, rN+ Int-2 Dex+6 SInv} (You found it on level 6 of the Lair of Beasts)
 15142 | Orc:1    | Entered Level 1 of the Orcish Mines
 15167 | Orc:1    | Found Vinieh's Book Boutique.
 15188 | Orc:1    | Found Cozxadgh's Distillery.
 15203 | Orc:1    | Found Soiv's General Store.
 15213 | Orc:1    | Reached skill level 4 in Crossbows
 15256 | Orc:1    | Found Wyenugij's Assorted Antiques.
 15259 | Orc:1    | Received a gift from Trog
 15260 | Orc:1    | Found Acour's Weapon Emporium.
 15444 | Orc:1    | Reached XP level 14. HP: 130/130 MP: 13/13
 15552 | Orc:2    | Entered Level 2 of the Orcish Mines
 15602 | Orc:2    | Received a gift from Trog
 15833 | Orc:2    | Found a staircase to the Elven Halls.
 15865 | Orc:2    | Found Aciuveh's General Store.
 15872 | Orc:2    | Found Vuilelyst's Food Boutique.
 15962 | Orc:2    | Reached skill level 14 in Fighting
 16178 | Orc:2    | Found Leciyrie's Armour Shop.
 16194 | Orc:2    | Reached skill level 14 in Axes
 16235 | Orc:2    | Reached skill level 11 in Shields
 16484 | Orc:2    | Received a gift from Trog
 16517 | Orc:2    | HP: 33/132 [orc knight/war axe of chopping (5)]
 16523 | Orc:2    | HP: 17/132 [sixfirhy[an orc sorcerer] (4)]
 16523 | Orc:2    | HP: 7/132 [sixfirhy[an orc sorcerer] (10)]
 16954 | Orc:2    | Reached skill level 5 in Crossbows
 16954 | Orc:2    | Reached skill level 11 in Dodging
 17179 | Orc:2    | Found Iklegan's Antique Weapon Emporium.
 17179 | Orc:2    | Found Avemiuw's Gadget Shoppe.
 17179 | Orc:2    | Found a one-way gate leading to the halls of Pandemonium.
 17186 | Orc:2    | Bought a shimmering broad axe for 198 gold pieces
 17251 | Orc:2    | Identified the cursed +1 broad axe of Dishonesty {freeze, +Blink Stlth+} (You bought it in a shop on level 2 of the Orcish Mines)
 17454 | Orc:2    | Reached skill level 8 in Crossbows
 17454 | Orc:2    | Reached XP level 15. HP: 139/139 MP: 14/14
 17648 | D:12     | Reached skill level 12 in Armour
 17695 | D:12     | Noticed Sonja
 17703 | D:12     | Killed Sonja
 17773 | D:12     | Reached skill level 9 in Crossbows
 17803 | D:12     | Received a gift from Trog
 18349 | D:12     | Received a gift from Trog
 18511 | D:12     | HP: 48/208 [11-headed hydra (5)]
 18516 | D:12     | HP: 20/139 [poisoned by a green ugly thing]
 18521 | D:12     | HP: 19/139 [15-headed hydra (4)]
 18521 | D:12     | HP: 6/139 [15-headed hydra (13)]
 18521 | D:12     | HP: 2/139 [15-headed hydra (4)]
 18521 | D:12     | Slain by a 15-headed hydra

Skill      XL: |  1  2  3  4  5  6  7  8  9 10 11 12 13 14 15 |
---------------+----------------------------------------------+-----
Fighting       | 4 6 7 8 9 10 11 12 13 14 | 14.5
Axes           | 4 5 6 7 8 9 10 11 12 13 14 | 14.5
Throwing       | 2 4 5 6 8 |  8.5
Armour         | 4 5 7 8 10 11 12 | 12.2
Dodging        | 4 5 6 8 9 10 11 | 11.4
Shields        | 2 4 6 7 9 10 11 | 11.8
Crossbows      | 4 8 9 |  9.2

Action                   |  1- 3 |  4- 6 |  7- 9 | 10-12 | 13-15 || total
-------------------------+-------+-------+-------+-------+-------++-------
Melee: Hand axe          |    62 |    64 |   290 |   560 |    27 ||  1003
       Headbutt          |    15 |     7 |    71 |   158 |   141 ||   392
       War axe           |       |       |       |   127 |   714 ||   841
 Fire: Hand crossbow     |       |       |       |       |    11 ||    11
Throw: Tomahawk          |       |       |     2 |     8 |    57 ||    67
Invok: Berserk           |     1 |     1 |     6 |     8 |     7 ||    23
       Trog's Hand       |       |     1 |     3 |     8 |     9 ||    21
       Burn Spellbooks   |       |       |       |       |     1 ||     1
  Use: Scroll            |       |       |    10 |     4 |    22 ||    36
       Potion            |       |       |       |     1 |    13 ||    14
 Stab: Sleeping          |       |       |       |       |     1 ||     1
  Eat: Chunk             |       |     4 |    15 |    29 |    26 ||    74
       Ration            |       |       |     1 |     1 |     2 ||     4
Armor: Animal skin       |     8 |    15 |       |       |       ||    23
       Chain mail        |       |     4 |    57 |       |       ||    61
       Leather armour    |       |       |    32 |    78 |   167 ||   277
       Plate armour      |       |       |       |    89 |       ||    89
Dodge: Dodged            |    38 |    38 |   116 |   212 |   296 ||   700
Block: Shield            |       |       |   121 |   393 |   450 ||   964

Vault maps used:
D:1:      dpeg_arrival_arbitrary_b
D:3:      fedhas_altar_2
D:4:      first_ration, uniq_robin, uniq_pikel
D:5:      minmay_temple_entry_hall, minmay_misc_feat_hallway, uniq_menkaure
D:6:      basic_altar, kennysheep_slug_shrine
D:7:      gammafunk_temple_overflow_statue
D:8:      enter_bailey_2, blue_anna_alchemist
D:9:      kennysheep_little_box, old_standard_altar, minmay_lair_entry_grove,
          evilmike_ruin_ashenzari
D:10:     uniq_maurice
D:11:     makhleb_altar_promises_db
D:12:     uniq_sonja
D:13:     minmay_ambush_box, david_vaults_3, einodemon_barbed_minivault
Lair:1:   kennysheep_rathole, infiniplex_staircase_pool_2
Lair:2:   shoals_dummy_entry, gammafunk_lair_bear_cave, grunt_megastairs_1,
          lemuel_fruit_fields
Lair:3:   nicolae_spider_entry_orb_guardian, nicolae_volcano_entry_two_sided,
          serial_bayou_pond_d, st_stairs_3, grunt_megastairs_5, uniq_urug
Lair:5:   minmay_slime_entry_pillars, grunt_forest_small_clearings,
          minivault_11, minmay_lair_drake_nest, grunt_megastairs_3,
          lemuel_fruit_fields
Lair:6:   gammafunk_lair_ancient_temple, lemuel_fruit_fields,
          lemuel_fruit_fields, infiniplex_staircase_pool
Orc:1:    serial_shops, shop, shop, nicolae_shop_statue_plus, shop, shop
Orc:2:    pf_orc_diabolical, serial_shops, shop_fountains, lightli_orcish_oven
Bailey:   bailey_axe_2, bailey
Volcano:  volcano_grotto

Table legend:
 A = Turns spent in this place as a percentage of turns spent in the entire game.
 B = Non-inter-level travel turns spent in this place as a percentage of non-inter-level travel turns spent in the entire game.
 C = Inter-level travel turns spent in this place as a percentage of turns spent in this place.
 D = Turns resting spent in this place as a percentage of non-inter-level travel turns spent in this place.
 E = Turns spent auto-exploring this place as a percentage of non-inter-level travel turns spent in this place.
 F = Non-inter-level travel turns spent in this place divided by the number of levels of this place that you've seen.
                   A       B       C       D       E      F
               +-------+-------+-------+-------+-------+----------------------
         Total | 100.0 | 100.0 |   4.0 |   9.2 |  66.8 | 773.4
       Dungeon |  42.5 |  42.3 |   4.3 |   0.2 |  76.5 | 579.2
          Lair |  39.8 |  39.7 |   4.2 |  12.1 |  67.4 | 1176.8
  Orcish Mines |  13.1 |  13.2 |   3.3 |  25.7 |  44.9 | 1176.0
        Bailey |   1.9 |   2.0 |   0.0 |   1.7 |  44.1 | 358.0
       Volcano |   2.6 |   2.7 |   0.0 |  33.0 |  29.1 | 488.0
               +-------+-------+-------+-------+-------+----------------------

Table legend:
 A = Kills in this place as a percentage of kills in entire the game.
 B = Kills by you in this place as a percentage of kills by you in the entire game.
 C = Kills by friends in this place as a percentage of kills by friends in the entire game.
 D = Other kills in this place as a percentage of other kills in the entire game.
 E = Experience gained in this place as a percentage of experience gained in the entire game.
 F = Experience gained in this place divided by the number of levels of this place that you have seen.
                   A       B       C       D       E      F
               +-------+-------+-------+-------+-------+----------------------
         Total | 100.0 | 100.0 | 100.0 |   N/A | 100.0 | 4243.0
       Dungeon |  49.4 |  49.5 |   0.0 |   N/A |  27.7 | 2075.7
          Lair |  24.6 |  24.5 | 100.0 |   N/A |  44.2 | 7189.5
  Orcish Mines |  18.1 |  18.1 |   0.0 |   N/A |  21.4 | 10461.5
        Bailey |   4.9 |   4.9 |   0.0 |   N/A |   0.9 | 875.0
       Volcano |   2.9 |   2.9 |   0.0 |   N/A |   5.8 | 5671.0
               +-------+-------+-------+-------+-------+----------------------
